Santa Cruz Tiger Sharks vs Laval Squanderers
Created - Wednesday, October 25, 2023 at 08:04
Goals
|
| Santa Cruz Tiger Sharks |
1 |
0 |
1 |
2 |
| Laval Squanderers |
3 |
1 |
0 |
4 |
|
Shots
|
| Santa Cruz Tiger Sharks |
11 |
16 |
9 |
36 |
| Laval Squanderers |
9 |
15 |
8 |
32 |
|
1st period
1. Laval Squanderers , Lias Andersson 19 (Oliver Wahlstrom 22, Danila Klimovich 6) at 3:49
2. Santa Cruz Tiger Sharks , Zachary Sanford 11 (Michael Mcleod 33, Jesper Boqvist 24) at 3:59
3. Laval Squanderers , Brayden Tracey 14 (Ethen Frank 25, Martin Kaut 19) at 7:20 (PP)
4. Laval Squanderers , Oliver Wahlstrom 17 (Lias Andersson 17, Brett Howden 25) at 9:25 (PP)
Penalties :
Brett Howden (LSQ) for Interference (Minor) at 0:22, Vincent Iorio (SCS) for Hooking (Minor) at 4:07, Tyler Benson (SCS) for Holding (Minor) at 6:44, Brayden Pachal (LSQ) for Fighting (Major) at 8:30, Vincent Iorio (SCS) for Fighting (Major) at 8:30, Ty Emberson (LSQ) for Fighting (Major) at 9:08, Hunter Drew (SCS) for Fighting (Major) at 9:08, Steven Lorentz (SCS) for High sticking (Minor) at 9:12, Michael Mcleod (SCS) for Goalie Interference (Minor) at 9:48
2nd period
5. Laval Squanderers , Oliver Wahlstrom 18 (Brett Howden 26, Lias Andersson 18) at 10:24
Penalties :
No Penalty
3rd period
6. Santa Cruz Tiger Sharks , Jack Roslovic 19 (Kailer Yamamoto 21) at 2:18
Penalties :
Kristians Rubins (SCS) for Hooking (Minor) at 7:19, Cross Hanas (LSQ) for Fighting (Major) at 9:40, Kevin Rooney (SCS) for Fighting (Major) at 9:40, Oliver Wahlstrom (LSQ) for Hooking (Minor) at 9:58, Nils Lundkvist (LSQ) for Fighting (Major) at 14:05, Tobias Bjornfot (SCS) for Fighting (Major) at 14:05
Goalie Stats
Joey Daccord (SCS), 28 saves from 32 shots - (0.875), L, 19-14-2, 60:00 minutes
Mads Sogaard (LSQ), 34 saves from 36 shots - (0.944), W, 17-10-7, 60:00 minutes
Players Stats for Santa Cruz Tiger Sharks
Player Name G A P +/- PIM S H SB GA TA FO MP PP MP PK MP
------------------------------------------------------------------------------------
Adam Wilsby 0 0 0 1 0 2 1 1 0 0 0/0 14:54 0:00 0:00
Alex True 0 0 0 -2 0 1 3 0 0 0 0/0 14:45 0:00 1:03
Brandon Biro 0 0 0 -2 0 1 1 0 1 0 0/0 12:22 0:00 0:00
David Gustafsson 0 0 0 -2 0 2 1 0 1 0 5/9 13:48 0:00 0:34
Henri Jokiharju 0 0 0 0 0 1 2 0 1 0 0/0 23:05 2:00 3:39
Hunter Drew 0 0 0 0 5 0 2 0 0 0 0/0 9:50 1:58 0:00
Jack Roslovic 1 0 1 1 0 2 0 1 1 0 11/16 19:49 2:01 3:22
Jesper Boqvist 0 1 1 1 0 2 1 0 1 0 0/0 16:28 1:57 0:00
Kailer Yamamoto 0 1 1 1 0 3 2 2 0 0 3/4 19:27 2:01 3:10
Kevin Rooney 0 0 0 0 5 3 0 0 0 1 1/3 7:31 0:00 0:00
Kristians Rubins 0 0 0 1 2 1 4 2 0 1 0/0 16:32 0:00 1:19
Michael Mcleod 0 1 1 1 2 8 0 1 0 0 11/23 19:05 1:57 2:13
Sean Day 0 0 0 -1 0 1 1 0 0 0 0/0 23:05 1:58 4:18
Steven Lorentz 0 0 0 1 2 1 1 0 1 0 0/0 19:24 2:01 3:10
Tobias Bjornfot 0 0 0 0 5 1 1 0 0 0 0/0 22:05 2:00 3:19
Tyler Benson 0 0 0 0 2 0 0 0 0 0 0/0 7:02 0:00 0:00
Vincent Iorio 0 0 0 -1 7 2 2 1 1 1 0/0 17:25 0:00 0:57
Zachary Sanford 1 0 1 1 0 5 0 1 0 0 0/0 16:28 1:57 0:00
Players Stats for Laval Squanderers
Player Name G A P +/- PIM S H SB GA TA FO MP PP MP PK MP
------------------------------------------------------------------------------------
Braden Schneider 0 0 0 -1 0 1 1 1 1 1 0/0 23:35 3:34 1:59
Brayden Pachal 0 0 0 0 5 0 1 1 0 0 0/0 14:10 0:00 0:00
Brayden Tracey 1 0 1 -1 0 3 3 0 0 1 0/1 18:07 3:20 0:27
Brett Howden 0 2 2 2 2 2 1 0 0 0 10/19 18:51 3:12 0:51
Cross Hanas 0 0 0 -1 5 1 0 0 0 0 1/2 7:26 0:00 0:00
Danila Klimovich 0 1 1 -1 0 1 1 1 1 1 0/0 10:19 0:11 1:21
Ethen Frank 0 1 1 -1 0 0 2 1 0 1 7/14 17:16 3:20 0:00
Graeme Clarke 0 0 0 0 0 2 1 1 0 0 6/12 14:22 0:25 0:58
Justin Barron 0 0 0 -1 0 3 3 4 0 0 0/0 23:14 3:34 1:59
Kaedan Korczak 0 0 0 0 0 1 0 0 0 0 0/0 15:24 0:00 0:00
Lias Andersson 1 2 3 2 0 4 3 0 0 1 0/2 19:41 3:12 1:51
Martin Kaut 0 1 1 -1 0 2 3 1 0 0 0/1 18:42 3:12 1:34
Mike Hardman 0 0 0 0 0 1 2 1 0 0 0/3 11:54 0:00 0:00
Nils Lundkvist 0 0 0 1 5 0 2 4 0 0 0/0 21:05 3:12 1:59
Oliver Wahlstrom 2 1 3 2 2 5 1 0 0 0 0/1 18:59 3:12 0:54
Shakir Mukhamadullin 0 0 0 -1 0 2 1 0 0 1 0/0 9:51 1:34 0:00
Simon Holmstrom 0 0 0 0 0 3 0 1 0 1 0/0 12:38 0:14 0:00
Ty Emberson 0 0 0 1 5 1 2 0 1 0 0/0 20:22 1:38 1:59
3 Stars
1 - Lias Andersson (LSQ)
2 - Oliver Wahlstrom (LSQ)
3 - Mads Sogaard (LSQ)
Power Play
Santa Cruz Tiger Sharks - 0 on 2 Attempt(s) - 0.00%
Laval Squanderers - 2 on 5 Attempt(s) - 40.00%
Penalty Kill
Santa Cruz Tiger Sharks - 3 on 5 Attempt(s) - 60.00%
- Score 0 goal in Penalty Kill
Laval Squanderers - 2 on 2 Attempt(s) - 100.00%
- Score 0 goal in Penalty Kill
Team Stat
Santa Cruz Tiger Sharks - Hits : 22 - Faceoff Wins : 31 - Blocked Shots : 9 - Penalty Minutes : 30
Laval Squanderers - Hits : 27 - Faceoff Wins : 24 - Blocked Shots : 16 - Penalty Minutes : 24
Official
Referees : Wes McCauley and Jean Hebert
Linesman : Bryan Pancich and Tony Sericolo
Game Notes
Brayden Pachal and Vincent Iorio fight to a draw at 8:30 of 1st period
Ty Emberson and Hunter Drew fight to a draw at 9:08 of 1st period
Cross Hanas and Kevin Rooney fight to a draw at 9:40 of 3rd period
Nils Lundkvist and Tobias Bjornfot fight to a draw at 14:05 of 3rd period
Santa Cruz Tiger Sharks
5 vs 5 Forward
Center Left Wing Right Wing Time % Phy DF OF
1 Jack Roslovic Steven Lorentz Kailer Yamamoto 30 1 2 2
2 Michael Mcleod Zachary Sanford Jesper Boqvist 30 1 2 2
3 David Gustafsson Brandon Biro Alex True 25 1 2 2
4 Kevin Rooney Tyler Benson Hunter Drew 15 1 2 2
5 vs 5 Defense
Defense Defense Time % Phy DF OF
1 Henri Jokiharju Tobias Bjornfot 35 1 2 2
2 Sean Day Vincent Iorio 35 1 2 2
3 Kristians Rubins Adam Wilsby 30 1 2 2
4 Henri Jokiharju Sean Day 0 1 2 2
PowerPlay Forward
Center Left Wing Right Wing Time % Phy DF OF
1 Jack Roslovic Steven Lorentz Kailer Yamamoto 50 1 2 2
2 Michael Mcleod Zachary Sanford Jesper Boqvist 50 1 2 2
PowerPlay Defense
Defense Defense Time % Phy DF OF
1 Henri Jokiharju Tobias Bjornfot 50 1 2 2
2 Sean Day Hunter Drew 50 1 2 2
Penalty Kill 4 Players Forward
Center Wing Time % Phy DF OF
1 Jack Roslovic Michael Mcleod 50 1 2 2
2 Kailer Yamamoto Steven Lorentz 50 1 2 2
Penalty Kill 4 Players Defense
Defense Defense Time % Phy DF OF
1 Henri Jokiharju Sean Day 50 1 2 2
2 Vincent Iorio Tobias Bjornfot 50 1 2 2
Penalty Kill - 3 Players Forward
Forward Time % Phy DF OF
1 Jack Roslovic 50 1 2 2
2 Michael Mcleod 50 1 2 2
Penalty Kill - 3 Players Defense
Defense Defense Time % Phy DF OF
1 Henri Jokiharju Tobias Bjornfot 50 1 2 2
2 Adam Wilsby Vincent Iorio 50 1 2 2
4 vs 4 Forward
Center Wing Time % Phy DF OF
1 Jack Roslovic Michael Mcleod 50 1 2 2
2 Kailer Yamamoto Steven Lorentz 50 1 2 2
4 vs 4 Defense
Defense Defense Time % Phy DF OF
1 Tobias Bjornfot Henri Jokiharju 50 1 2 2
2 Kristians Rubins Sean Day 50 1 2 2
Last Minutes Offensive
Center Left Wing Right Wing Defense Defense
Jack Roslovic Steven Lorentz Kailer Yamamoto Henri Jokiharju Tobias Bjornfot
Last Minutes Defensive
Center Left Wing Right Wing Defense Defense
Jack Roslovic Steven Lorentz Kailer Yamamoto Henri Jokiharju Tobias Bjornfot
Goaltenders
Starting : Joey Daccord
Backup : Felix Sandstrom
Extra Forwards
Normal : David Gustafsson, Kevin Rooney, Alex True - PP : David Gustafsson, Kevin Rooney - PK : Alex True
Extra Defensemen
Normal : Kristians Rubins, Adam Wilsby, Hunter Drew - PP : Henri Jokiharju - PK : Sean Day, Henri Jokiharju
Penalty Shots
Jack Roslovic, Michael Mcleod, Kailer Yamamoto, Steven Lorentz, Zachary Sanford
Laval Squanderers
5 vs 5 Forward
Center Left Wing Right Wing Time % Phy DF OF
1 Brett Howden Lias Andersson Oliver Wahlstrom 30 1 2 2
2 Ethen Frank Brayden Tracey Martin Kaut 30 1 2 2
3 Graeme Clarke Mike Hardman Simon Holmstrom 25 1 2 2
4 Cross Hanas Shakir Mukhamadullin Danila Klimovich 15 1 2 2
5 vs 5 Defense
Defense Defense Time % Phy DF OF
1 Braden Schneider Justin Barron 35 1 2 2
2 Nils Lundkvist Ty Emberson 35 1 2 2
3 Brayden Pachal Kaedan Korczak 30 1 2 2
4 Braden Schneider Justin Barron 0 1 2 2
PowerPlay Forward
Center Left Wing Right Wing Time % Phy DF OF
1 Brett Howden Lias Andersson Oliver Wahlstrom 50 1 2 2
2 Ethen Frank Brayden Tracey Martin Kaut 50 1 2 2
PowerPlay Defense
Defense Defense Time % Phy DF OF
1 Braden Schneider Justin Barron 50 1 2 2
2 Nils Lundkvist Ty Emberson 50 1 2 2
Penalty Kill 4 Players Forward
Center Wing Time % Phy DF OF
1 Oliver Wahlstrom Brett Howden 50 1 2 2
2 Lias Andersson Martin Kaut 50 1 2 2
Penalty Kill 4 Players Defense
Defense Defense Time % Phy DF OF
1 Braden Schneider Justin Barron 50 1 2 2
2 Nils Lundkvist Ty Emberson 50 1 2 2
Penalty Kill - 3 Players Forward
Forward Time % Phy DF OF
1 Oliver Wahlstrom 50 1 2 2
2 Brett Howden 50 1 2 2
Penalty Kill - 3 Players Defense
Defense Defense Time % Phy DF OF
1 Braden Schneider Justin Barron 50 1 2 2
2 Nils Lundkvist Ty Emberson 50 1 2 2
4 vs 4 Forward
Center Wing Time % Phy DF OF
1 Oliver Wahlstrom Brett Howden 50 1 2 2
2 Lias Andersson Martin Kaut 50 1 2 2
4 vs 4 Defense
Defense Defense Time % Phy DF OF
1 Braden Schneider Justin Barron 50 1 2 2
2 Nils Lundkvist Ty Emberson 50 1 2 2
Last Minutes Offensive
Center Left Wing Right Wing Defense Defense
Brett Howden Lias Andersson Oliver Wahlstrom Braden Schneider Justin Barron
Last Minutes Defensive
Center Left Wing Right Wing Defense Defense
Brett Howden Lias Andersson Oliver Wahlstrom Braden Schneider Justin Barron
Goaltenders
Starting : Mads Sogaard
Backup : Nico Daws
Extra Forwards
Normal : Graeme Clarke, Simon Holmstrom, Danila Klimovich - PP : Graeme Clarke, Simon Holmstrom - PK : Danila Klimovich
Extra Defensemen
Normal : Brayden Pachal, Kaedan Korczak, Shakir Mukhamadullin - PP : Brayden Pachal - PK : Kaedan Korczak, Shakir Mukhamadullin
Penalty Shots
Oliver Wahlstrom, Brett Howden, Lias Andersson, Martin Kaut, Ethen Frank
% Time on Ice - Santa Cruz Tiger Sharks
Lines # - Real PCT - Wanted PCT - Time Play
Normal Forward
1 - 31% - 30% - 15:06
2 - 30% - 30% - 14:45
3 - 25% - 25% - 12:22
4 - 14% - 15% - 7:03
Normal Defense
1 - 35% - 35% - 17:26
2 - 36% - 35% - 17:41
3 - 29% - 30% - 14:09
4 - 0% - 0% - 0:00
PP Forward
1 - 51% - 50% - 2:01
2 - 49% - 50% - 1:57
PP Defense
1 - 50% - 50% - 2:00
2 - 50% - 50% - 1:58
PK Forward
1 - 52% - 50% - 3:33
2 - 48% - 50% - 3:13
PK Defense
1 - 51% - 50% - 3:27
2 - 49% - 50% - 3:19
PK3 Forward
1 - 0% - 50%
2 - 0% - 50%
PK3 Defense
1 - 0% - 50%
2 - 0% - 50%
44 Forward
1 - 0% - 50%
2 - 0% - 50%
44 Defense
1 - 0% - 50%
2 - 0% - 50%
Last Minute Offensive - 0:00
Last Minute Defensive - 0:00
Total
Forward - 60:00
Defense - 60:00
|
% Time on Ice - Laval Squanderers
Lines # - Real PCT - Wanted PCT - Time Play
Normal Forward
1 - 31% - 30% - 15:30
2 - 28% - 30% - 13:56
3 - 24% - 25% - 11:54
4 - 16% - 15% - 7:56
Normal Defense
1 - 36% - 35% - 17:41
2 - 36% - 35% - 17:32
3 - 29% - 30% - 14:03
4 - 0% - 0% - 0:00
PP Forward
1 - 50% - 50% - 3:23
2 - 50% - 50% - 3:23
PP Defense
1 - 53% - 50% - 3:34
2 - 47% - 50% - 3:12
PK Forward
1 - 61% - 50% - 2:24
2 - 39% - 50% - 1:34
PK Defense
1 - 50% - 50% - 1:59
2 - 50% - 50% - 1:59
PK3 Forward
1 - 0% - 50%
2 - 0% - 50%
PK3 Defense
1 - 0% - 50%
2 - 0% - 50%
44 Forward
1 - 0% - 50%
2 - 0% - 50%
44 Defense
1 - 0% - 50%
2 - 0% - 50%
Last Minute Offensive - 0:00
Last Minute Defensive - 0:00
Total
Forward - 60:00
Defense - 60:00
|
Play-by-Play
1st period
0:01 of 1st period - Jack Roslovic wins face-off versus Brett Howden in neutral zone.
0:10 of 1st period - Wrist shot by Jack Roslovic.
0:10 of 1st period - Deflect By Kailer Yamamoto.
0:10 of 1st period - Stopped by Mads Sogaard with a rebound.
0:12 of 1st period - Slapshot by Henri Jokiharju.
0:12 of 1st period - Shot Blocked by Justin Barron.
0:22 of 1st period - Minor Penalty to Brett Howden for Interference.
0:23 of 1st period - Jack Roslovic wins face-off versus Oliver Wahlstrom in Laval Squanderers zone.
1:43 of 1st period - Steven Lorentz is hit by Ty Emberson.
2:22 of 1st period - Penalty to Brett Howden is over, Brett Howden is back on ice.
3:49 of 1st period - Slapshot by Lias Andersson.
3:49 of 1st period - Goal by Lias Andersson - Santa Cruz Tiger Sharks : 0 - Laval Squanderers : 1.
3:50 of 1st period - Michael Mcleod wins face-off versus Brayden Tracey in neutral zone.
3:53 of 1st period - Snap shot by Michael Mcleod.
3:53 of 1st period - Stopped by Mads Sogaard with a rebound.
3:55 of 1st period - Wrist shot by Jesper Boqvist.
3:55 of 1st period - Stopped by Mads Sogaard with a rebound.
3:57 of 1st period - Wrist shot by Michael Mcleod.
3:57 of 1st period - Stopped by Mads Sogaard with a rebound.
3:59 of 1st period - Slapshot by Zachary Sanford.
3:59 of 1st period - Goal by Zachary Sanford - Santa Cruz Tiger Sharks : 1 - Laval Squanderers : 1.
4:00 of 1st period - Ethen Frank wins face-off versus Michael Mcleod in neutral zone.
4:05 of 1st period - Snap shot by Ethen Frank.
4:05 of 1st period - Shot Misses the Net.
4:07 of 1st period - Minor Penalty to Vincent Iorio for Hooking.
4:08 of 1st period - Jack Roslovic wins face-off versus Brett Howden in Santa Cruz Tiger Sharks zone.
6:07 of 1st period - Penalty to Vincent Iorio is over, Vincent Iorio is back on ice.
6:13 of 1st period - Kristians Rubins is hit by Oliver Wahlstrom and loses puck.
6:44 of 1st period - Minor Penalty to Tyler Benson for Holding.
6:45 of 1st period - Kailer Yamamoto wins face-off versus Ethen Frank in Santa Cruz Tiger Sharks zone.
7:10 of 1st period - Wrist shot by Michael Mcleod.
7:10 of 1st period - Shot Misses the Net.
7:20 of 1st period - Snap shot by Ethen Frank.
7:20 of 1st period - Deflect By Brayden Tracey.
7:20 of 1st period - Goal by Brayden Tracey - Santa Cruz Tiger Sharks : 1 - Laval Squanderers : 2.
7:21 of 1st period - Brett Howden wins face-off versus Michael Mcleod in neutral zone.
7:32 of 1st period - Wrist shot by Lias Andersson.
7:32 of 1st period - Shot Misses the Net.
7:46 of 1st period - Tobias Bjornfot is hit by Brayden Tracey and loses puck.
7:51 of 1st period - Wrist shot by Martin Kaut.
7:51 of 1st period - Shot Misses the Net.
8:11 of 1st period - Slapshot by Graeme Clarke.
8:11 of 1st period - Stopped by Joey Daccord with a rebound.
8:15 of 1st period - Wrist shot by Simon Holmstrom.
8:15 of 1st period - Stopped by Joey Daccord without a rebound.
8:16 of 1st period - Ethen Frank wins face-off versus Michael Mcleod in Santa Cruz Tiger Sharks zone.
8:17 of 1st period - Backhand shot by Martin Kaut.
8:17 of 1st period - Stopped by Joey Daccord with a rebound.
8:30 of 1st period - Brayden Pachal and Vincent Iorio fight to a draw.
8:30 of 1st period - Penalty to Brayden Pachal for Fighting.
8:30 of 1st period - Penalty to Vincent Iorio for Fighting.
8:31 of 1st period - Michael Mcleod wins face-off versus Ethen Frank in neutral zone.
9:00 of 1st period - Alex True is hit by Justin Barron and loses puck.
9:06 of 1st period - Icing by Alex True.
9:07 of 1st period - Brett Howden wins face-off versus David Gustafsson in Santa Cruz Tiger Sharks zone.
9:08 of 1st period - Wrist shot by Oliver Wahlstrom.
9:08 of 1st period - Stopped by Joey Daccord without a rebound.
9:08 of 1st period - Ty Emberson and Hunter Drew fight to a draw.
9:08 of 1st period - Penalty to Ty Emberson for Fighting.
9:08 of 1st period - Penalty to Hunter Drew for Fighting.
9:09 of 1st period - Jack Roslovic wins face-off versus Brett Howden in Santa Cruz Tiger Sharks zone.
9:09 of 1st period - Jack Roslovic is hit by Brett Howden.
9:12 of 1st period - Minor Penalty to Steven Lorentz for High sticking.
9:13 of 1st period - Brett Howden wins face-off versus Jack Roslovic in Santa Cruz Tiger Sharks zone.
9:23 of 1st period - Snap shot by Lias Andersson.
9:23 of 1st period - Shot Misses the Net.
9:25 of 1st period - Snap shot by Oliver Wahlstrom.
9:25 of 1st period - Goal by Oliver Wahlstrom - Santa Cruz Tiger Sharks : 1 - Laval Squanderers : 3.
9:26 of 1st period - Brett Howden wins face-off versus Michael Mcleod in neutral zone.
9:31 of 1st period - Snap shot by Oliver Wahlstrom.
9:31 of 1st period - Shot Blocked by Michael Mcleod.
9:33 of 1st period - Snap shot by Justin Barron.
9:33 of 1st period - Shot Blocked by Zachary Sanford.
9:48 of 1st period - Minor Penalty to Michael Mcleod for Goalie Interference.
9:49 of 1st period - Kailer Yamamoto wins face-off versus Brett Howden in Santa Cruz Tiger Sharks zone.
10:14 of 1st period - Lias Andersson is hit by Alex True and loses puck.
11:48 of 1st period - Penalty to Michael Mcleod is over, Michael Mcleod is back on ice.
11:50 of 1st period - Snap shot by Graeme Clarke.
11:50 of 1st period - Shot Misses the Net.
12:26 of 1st period - Snap shot by Tobias Bjornfot.
12:26 of 1st period - Shot Blocked by Braden Schneider.
12:28 of 1st period - Wrist shot by Zachary Sanford.
12:28 of 1st period - Shot Blocked by Ethen Frank.
12:30 of 1st period - Wrist shot by Michael Mcleod.
12:30 of 1st period - Stopped by Mads Sogaard without a rebound.
12:31 of 1st period - Michael Mcleod wins face-off versus Ethen Frank in Laval Squanderers zone.
12:32 of 1st period - Snap shot by Zachary Sanford.
12:32 of 1st period - Shot Misses the Net.
12:42 of 1st period - Brayden Tracey is hit by Adam Wilsby and loses puck.
13:03 of 1st period - Wrist shot by Brett Howden.
13:03 of 1st period - Stopped by Joey Daccord without a rebound.
13:04 of 1st period - Brett Howden wins face-off versus Jack Roslovic in Santa Cruz Tiger Sharks zone.
13:05 of 1st period - Slapshot by Oliver Wahlstrom.
13:05 of 1st period - Stopped by Joey Daccord with a rebound.
13:15 of 1st period - Lias Andersson is hit by Kristians Rubins and loses puck.
13:30 of 1st period - Henri Jokiharju is hit by Lias Andersson and loses puck.
13:35 of 1st period - Snap shot by Oliver Wahlstrom.
13:35 of 1st period - Shot Misses the Net.
13:45 of 1st period - Snap shot by Oliver Wahlstrom.
13:45 of 1st period - Shot Blocked by Kailer Yamamoto.
13:47 of 1st period - Snap shot by Oliver Wahlstrom.
13:47 of 1st period - Shot Misses the Net.
13:49 of 1st period - Slapshot by Justin Barron.
13:49 of 1st period - Shot Misses the Net.
13:51 of 1st period - Snap shot by Oliver Wahlstrom.
13:51 of 1st period - Shot Misses the Net.
14:26 of 1st period - Slapshot by Kailer Yamamoto.
14:26 of 1st period - Shot Misses the Net.
14:32 of 1st period - Jack Roslovic is hit by Justin Barron and loses puck.
14:49 of 1st period - Backhand shot by Lias Andersson.
14:49 of 1st period - Shot Misses the Net.
15:11 of 1st period - Slapshot by Jack Roslovic.
15:11 of 1st period - Stopped by Mads Sogaard with a rebound.
15:17 of 1st period - Wrist shot by Kailer Yamamoto.
15:17 of 1st period - Stopped by Mads Sogaard without a rebound.
15:18 of 1st period - David Gustafsson wins face-off versus Mike Hardman in Laval Squanderers zone.
15:29 of 1st period - Brandon Biro is hit by Nils Lundkvist and loses puck.
15:36 of 1st period - Nils Lundkvist is hit by Alex True and loses puck.
15:57 of 1st period - Martin Kaut is hit by Kristians Rubins and loses puck.
16:14 of 1st period - Vincent Iorio is hit by Nils Lundkvist and loses puck.
16:35 of 1st period - Snap shot by Simon Holmstrom.
16:35 of 1st period - Shot Blocked by Vincent Iorio.
17:31 of 1st period - Icing by Brayden Pachal.
17:32 of 1st period - Ethen Frank wins face-off versus David Gustafsson in Laval Squanderers zone.
17:32 of 1st period - Ethen Frank is hit by Alex True.
17:51 of 1st period - Icing by Graeme Clarke.
17:52 of 1st period - Graeme Clarke wins face-off versus Kevin Rooney in Laval Squanderers zone.
17:59 of 1st period - Snap shot by Tyler Benson.
17:59 of 1st period - Shot Misses the Net.
18:21 of 1st period - Wrist shot by Zachary Sanford.
18:21 of 1st period - Stopped by Mads Sogaard without a rebound.
18:22 of 1st period - Michael Mcleod wins face-off versus Graeme Clarke in Laval Squanderers zone.
18:35 of 1st period - Wrist shot by Michael Mcleod.
18:35 of 1st period - Stopped by Mads Sogaard with a rebound.
18:37 of 1st period - Wrist shot by Henri Jokiharju.
18:37 of 1st period - Shot Blocked by Justin Barron.
18:49 of 1st period - Wrist shot by David Gustafsson.
18:49 of 1st period - Deflect By Martin Kaut.
18:49 of 1st period - Shot Blocked by Justin Barron.
18:49 of 1st period - Puck is out of play.
18:50 of 1st period - David Gustafsson wins face-off versus Martin Kaut in Laval Squanderers zone.
19:22 of 1st period - Slapshot by Alex True.
19:22 of 1st period - Shot Blocked by Martin Kaut.
19:36 of 1st period - Wrist shot by Brandon Biro.
19:36 of 1st period - Shot Misses the Net.
19:48 of 1st period - Slapshot by David Gustafsson.
19:48 of 1st period - Deflect By Alex True.
19:48 of 1st period - Stopped by Mads Sogaard with a rebound.
Goals for this period are 1 for Santa Cruz Tiger Sharks vs 3 for Laval Squanderers.
Shots for this period are 11 for Santa Cruz Tiger Sharks vs 9 for Laval Squanderers.
2nd period
0:01 of 2nd period - Michael Mcleod wins face-off versus Graeme Clarke in neutral zone.
0:04 of 2nd period - Wrist shot by Jesper Boqvist.
0:04 of 2nd period - Shot Blocked by Mike Hardman.
0:06 of 2nd period - Snap shot by Jesper Boqvist.
0:06 of 2nd period - Shot Blocked by Simon Holmstrom.
0:08 of 2nd period - Slapshot by Tobias Bjornfot.
0:08 of 2nd period - Shot Hit the Post.
0:10 of 2nd period - Slapshot by Tobias Bjornfot.
0:10 of 2nd period - Shot Misses the Net.
0:12 of 2nd period - Wrist shot by Tobias Bjornfot.
0:12 of 2nd period - Stopped by Mads Sogaard with a rebound.
0:14 of 2nd period - Wrist shot by Jesper Boqvist.
0:14 of 2nd period - Shot Misses the Net.
0:16 of 2nd period - Snap shot by Jesper Boqvist.
0:16 of 2nd period - Stopped by Mads Sogaard with a rebound.
0:54 of 2nd period - Off-side.
0:55 of 2nd period - Graeme Clarke wins face-off versus Michael Mcleod in neutral zone.
0:58 of 2nd period - Michael Mcleod is hit by Mike Hardman and loses puck.
2:01 of 2nd period - Icing by Ty Emberson.
2:02 of 2nd period - Ethen Frank wins face-off versus Jack Roslovic in Laval Squanderers zone.
2:17 of 2nd period - Wrist shot by Graeme Clarke.
2:17 of 2nd period - Stopped by Joey Daccord with a rebound.
2:59 of 2nd period - Backhand shot by Kevin Rooney.
2:59 of 2nd period - Stopped by Mads Sogaard with a rebound.
3:01 of 2nd period - Snap shot by Tyler Benson.
3:01 of 2nd period - Shot Misses the Net.
3:03 of 2nd period - Wrist shot by Henri Jokiharju.
3:03 of 2nd period - Shot Blocked by Justin Barron.
3:27 of 2nd period - Snap shot by Justin Barron.
3:27 of 2nd period - Shot Misses the Net.
3:45 of 2nd period - Slapshot by Shakir Mukhamadullin.
3:45 of 2nd period - Stopped by Joey Daccord with a rebound.
3:47 of 2nd period - Snap shot by Cross Hanas.
3:47 of 2nd period - Shot Blocked by Kristians Rubins.
3:49 of 2nd period - Slapshot by Braden Schneider.
3:49 of 2nd period - Stopped by Joey Daccord with a rebound.
3:51 of 2nd period - Snap shot by Cross Hanas.
3:51 of 2nd period - Shot Misses the Net.
3:53 of 2nd period - Snap shot by Shakir Mukhamadullin.
3:53 of 2nd period - Shot Misses the Net.
4:12 of 2nd period - Wrist shot by Jesper Boqvist.
4:12 of 2nd period - Shot Misses the Net.
4:14 of 2nd period - Slapshot by Zachary Sanford.
4:14 of 2nd period - Stopped by Mads Sogaard with a rebound.
4:16 of 2nd period - Slapshot by Kristians Rubins.
4:16 of 2nd period - Stopped by Mads Sogaard without a rebound.
4:17 of 2nd period - Brett Howden wins face-off versus Kailer Yamamoto in Laval Squanderers zone.
5:50 of 2nd period - Tobias Bjornfot is hit by Ethen Frank.
6:09 of 2nd period - Simon Holmstrom is hit by Henri Jokiharju and loses puck.
6:45 of 2nd period - Snap shot by Brandon Biro.
6:45 of 2nd period - Shot Blocked by Nils Lundkvist.
6:47 of 2nd period - Slapshot by Sean Day.
6:47 of 2nd period - Stopped by Mads Sogaard with a rebound.
6:49 of 2nd period - Slapshot by Sean Day.
6:49 of 2nd period - Shot Blocked by Nils Lundkvist.
7:35 of 2nd period - Braden Schneider is hit by Kristians Rubins and loses puck.
8:01 of 2nd period - Tobias Bjornfot is hit by Brayden Pachal and loses puck.
8:39 of 2nd period - Wrist shot by David Gustafsson.
8:39 of 2nd period - Stopped by Mads Sogaard without a rebound.
8:40 of 2nd period - David Gustafsson wins face-off versus Mike Hardman in Laval Squanderers zone.
8:44 of 2nd period - Icing by Simon Holmstrom.
8:45 of 2nd period - Graeme Clarke wins face-off versus Michael Mcleod in Laval Squanderers zone.
8:50 of 2nd period - Slapshot by Justin Barron.
8:50 of 2nd period - Deflect By Mike Hardman.
8:50 of 2nd period - Shot Misses the Net.
8:50 of 2nd period - Puck is out of play.
8:51 of 2nd period - Brett Howden wins face-off versus Michael Mcleod in Santa Cruz Tiger Sharks zone.
9:16 of 2nd period - Ethen Frank is hit by Steven Lorentz and loses puck.
9:43 of 2nd period - Snap shot by Brandon Biro.
9:43 of 2nd period - Stopped by Mads Sogaard with a rebound.
9:45 of 2nd period - Wrist shot by David Gustafsson.
9:45 of 2nd period - Stopped by Mads Sogaard without a rebound.
9:46 of 2nd period - Michael Mcleod wins face-off versus Lias Andersson in Laval Squanderers zone.
9:47 of 2nd period - Backhand shot by Zachary Sanford.
9:47 of 2nd period - Shot Blocked by Nils Lundkvist.
10:24 of 2nd period - Snap shot by Oliver Wahlstrom.
10:24 of 2nd period - Goal by Oliver Wahlstrom - Santa Cruz Tiger Sharks : 1 - Laval Squanderers : 4.
10:25 of 2nd period - Jack Roslovic wins face-off versus Graeme Clarke in neutral zone.
10:38 of 2nd period - Slapshot by Graeme Clarke.
10:38 of 2nd period - Shot Misses the Net.
11:12 of 2nd period - Tobias Bjornfot is hit by Lias Andersson and loses puck.
11:23 of 2nd period - Snap shot by Oliver Wahlstrom.
11:23 of 2nd period - Shot Misses the Net.
11:33 of 2nd period - Wrist shot by Danila Klimovich.
11:33 of 2nd period - Stopped by Joey Daccord with a rebound.
11:39 of 2nd period - Hunter Drew is hit by Shakir Mukhamadullin.
11:43 of 2nd period - Snap shot by Kevin Rooney.
11:43 of 2nd period - Stopped by Mads Sogaard with a rebound.
12:26 of 2nd period - Snap shot by Brayden Tracey.
12:26 of 2nd period - Shot Blocked by Adam Wilsby.
12:44 of 2nd period - Slapshot by Brandon Biro.
12:44 of 2nd period - Shot Misses the Net.
12:46 of 2nd period - Slapshot by Adam Wilsby.
12:46 of 2nd period - Stopped by Mads Sogaard with a rebound.
12:48 of 2nd period - Slapshot by Adam Wilsby.
12:48 of 2nd period - Stopped by Mads Sogaard without a rebound.
12:49 of 2nd period - Jack Roslovic wins face-off versus Mike Hardman in Laval Squanderers zone.
13:16 of 2nd period - Jesper Boqvist is hit by Brayden Tracey and loses puck.
14:20 of 2nd period - Icing by Brett Howden.
14:21 of 2nd period - Michael Mcleod wins face-off versus Brett Howden in Laval Squanderers zone.
14:28 of 2nd period - Snap shot by Michael Mcleod.
14:28 of 2nd period - Stopped by Mads Sogaard with a rebound.
14:30 of 2nd period - Snap shot by Zachary Sanford.
14:30 of 2nd period - Stopped by Mads Sogaard with a rebound.
14:32 of 2nd period - Wrist shot by Zachary Sanford.
14:32 of 2nd period - Stopped by Mads Sogaard without a rebound.
14:33 of 2nd period - Michael Mcleod wins face-off versus Ethen Frank in Laval Squanderers zone.
15:07 of 2nd period - David Gustafsson is hit by Martin Kaut and loses puck.
15:38 of 2nd period - Hunter Drew is hit by Braden Schneider.
16:05 of 2nd period - Snap shot by Shakir Mukhamadullin.
16:05 of 2nd period - Stopped by Joey Daccord with a rebound.
16:07 of 2nd period - Backhand shot by Braden Schneider.
16:07 of 2nd period - Shot Blocked by Kristians Rubins.
16:09 of 2nd period - Wrist shot by Cross Hanas.
16:09 of 2nd period - Stopped by Joey Daccord without a rebound.
16:10 of 2nd period - Jack Roslovic wins face-off versus Graeme Clarke in Santa Cruz Tiger Sharks zone.
16:22 of 2nd period - Slapshot by Simon Holmstrom.
16:22 of 2nd period - Shot Misses the Net.
16:24 of 2nd period - Slapshot by Simon Holmstrom.
16:24 of 2nd period - Stopped by Joey Daccord without a rebound.
16:25 of 2nd period - Brett Howden wins face-off versus Michael Mcleod in Santa Cruz Tiger Sharks zone.
16:26 of 2nd period - Snap shot by Oliver Wahlstrom.
16:26 of 2nd period - Shot Misses the Net.
16:28 of 2nd period - Wrist shot by Brett Howden.
16:28 of 2nd period - Stopped by Joey Daccord without a rebound.
16:29 of 2nd period - Brett Howden wins face-off versus Michael Mcleod in Santa Cruz Tiger Sharks zone.
16:32 of 2nd period - Snap shot by Oliver Wahlstrom.
16:32 of 2nd period - Deflect By Lias Andersson.
16:32 of 2nd period - Stopped by Joey Daccord with a rebound.
16:34 of 2nd period - Wrist shot by Lias Andersson.
16:34 of 2nd period - Stopped by Joey Daccord with a rebound.
16:36 of 2nd period - Snap shot by Lias Andersson.
16:36 of 2nd period - Stopped by Joey Daccord with a rebound.
16:38 of 2nd period - Slapshot by Oliver Wahlstrom.
16:38 of 2nd period - Shot Misses the Net.
16:40 of 2nd period - Slapshot by Ty Emberson.
16:40 of 2nd period - Stopped by Joey Daccord without a rebound.
16:41 of 2nd period - Graeme Clarke wins face-off versus Jack Roslovic in Santa Cruz Tiger Sharks zone.
16:42 of 2nd period - Slapshot by Simon Holmstrom.
16:42 of 2nd period - Shot Blocked by Jack Roslovic.
16:44 of 2nd period - Slapshot by Graeme Clarke.
16:44 of 2nd period - Deflect By Simon Holmstrom.
16:44 of 2nd period - Stopped by Joey Daccord with a rebound.
17:25 of 2nd period - Kaedan Korczak is hit by Vincent Iorio and loses puck.
17:32 of 2nd period - Wrist shot by Kailer Yamamoto.
17:32 of 2nd period - Shot Misses the Net.
17:44 of 2nd period - Wrist shot by Jack Roslovic.
17:44 of 2nd period - Shot Misses the Net.
17:46 of 2nd period - Snap shot by Kailer Yamamoto.
17:46 of 2nd period - Stopped by Mads Sogaard without a rebound.
17:47 of 2nd period - Ethen Frank wins face-off versus Michael Mcleod in Laval Squanderers zone.
17:55 of 2nd period - Snap shot by Nils Lundkvist.
17:55 of 2nd period - Shot Misses the Net.
18:13 of 2nd period - Brandon Biro is hit by Graeme Clarke and loses puck.
18:33 of 2nd period - Icing by Justin Barron.
18:34 of 2nd period - Cross Hanas wins face-off versus Kevin Rooney in Laval Squanderers zone.
18:34 of 2nd period - Cross Hanas is hit by Hunter Drew.
19:01 of 2nd period - Wrist shot by Martin Kaut.
19:01 of 2nd period - Shot Misses the Net.
19:03 of 2nd period - Slapshot by Justin Barron.
19:03 of 2nd period - Stopped by Joey Daccord without a rebound.
19:04 of 2nd period - Ethen Frank wins face-off versus Michael Mcleod in Santa Cruz Tiger Sharks zone.
19:29 of 2nd period - David Gustafsson is hit by Mike Hardman and loses puck.
Goals for this period are 0 for Santa Cruz Tiger Sharks vs 1 for Laval Squanderers.
Shots for this period are 16 for Santa Cruz Tiger Sharks vs 15 for Laval Squanderers.
3rd period
0:01 of 3rd period - Michael Mcleod wins face-off versus Ethen Frank in neutral zone.
0:03 of 3rd period - Vincent Iorio is hit by Martin Kaut and loses puck.
0:08 of 3rd period - Wrist shot by Martin Kaut.
0:08 of 3rd period - Stopped by Joey Daccord without a rebound.
0:09 of 3rd period - Michael Mcleod wins face-off versus Ethen Frank in Santa Cruz Tiger Sharks zone.
0:19 of 3rd period - Wrist shot by Brayden Tracey.
0:19 of 3rd period - Stopped by Joey Daccord with a rebound.
0:21 of 3rd period - Snap shot by Martin Kaut.
0:21 of 3rd period - Shot Misses the Net.
0:23 of 3rd period - Wrist shot by Brayden Tracey.
0:23 of 3rd period - Stopped by Joey Daccord without a rebound.
0:24 of 3rd period - Graeme Clarke wins face-off versus Jack Roslovic in Santa Cruz Tiger Sharks zone.
0:49 of 3rd period - Kaedan Korczak is hit by Jesper Boqvist and loses puck.
1:38 of 3rd period - Nils Lundkvist is hit by Kailer Yamamoto.
1:58 of 3rd period - Nils Lundkvist is hit by Vincent Iorio.
2:06 of 3rd period - Snap shot by Michael Mcleod.
2:06 of 3rd period - Shot Misses the Net.
2:08 of 3rd period - Snap shot by Jesper Boqvist.
2:08 of 3rd period - Deflect By Michael Mcleod.
2:08 of 3rd period - Shot Blocked by Danila Klimovich.
2:08 of 3rd period - Puck is out of play.
2:09 of 3rd period - Jack Roslovic wins face-off versus Cross Hanas in Laval Squanderers zone.
2:18 of 3rd period - Wrist shot by Jack Roslovic.
2:18 of 3rd period - Goal by Jack Roslovic - Santa Cruz Tiger Sharks : 2 - Laval Squanderers : 4.
2:19 of 3rd period - Brett Howden wins face-off versus David Gustafsson in neutral zone.
2:44 of 3rd period - Jesper Boqvist is hit by Martin Kaut and loses puck.
3:16 of 3rd period - Wrist shot by Steven Lorentz.
3:16 of 3rd period - Stopped by Mads Sogaard with a rebound.
3:26 of 3rd period - Snap shot by Kevin Rooney.
3:26 of 3rd period - Shot Misses the Net.
3:28 of 3rd period - Snap shot by Kevin Rooney.
3:28 of 3rd period - Stopped by Mads Sogaard with a rebound.
3:30 of 3rd period - Slapshot by Kristians Rubins.
3:30 of 3rd period - Shot Misses the Net.
3:32 of 3rd period - Slapshot by Kevin Rooney.
3:32 of 3rd period - Shot Blocked by Brayden Pachal.
3:46 of 3rd period - Brayden Pachal is hit by Kristians Rubins and loses puck.
4:13 of 3rd period - Wrist shot by Kailer Yamamoto.
4:13 of 3rd period - Shot Misses the Net.
4:27 of 3rd period - Henri Jokiharju is hit by Ty Emberson and loses puck.
4:32 of 3rd period - Wrist shot by Graeme Clarke.
4:32 of 3rd period - Shot Misses the Net.
4:51 of 3rd period - Wrist shot by David Gustafsson.
4:51 of 3rd period - Shot Misses the Net.
4:53 of 3rd period - Snap shot by Henri Jokiharju.
4:53 of 3rd period - Deflect By Alex True.
4:53 of 3rd period - Shot Misses the Net.
4:53 of 3rd period - Puck is out of play.
4:54 of 3rd period - David Gustafsson wins face-off versus Brett Howden in Laval Squanderers zone.
5:09 of 3rd period - Snap shot by David Gustafsson.
5:09 of 3rd period - Shot Blocked by Nils Lundkvist.
5:48 of 3rd period - Snap shot by Michael Mcleod.
5:48 of 3rd period - Stopped by Mads Sogaard with a rebound.
6:08 of 3rd period - Braden Schneider is hit by Tobias Bjornfot and loses puck.
7:19 of 3rd period - Minor Penalty to Kristians Rubins for Hooking.
7:20 of 3rd period - Kailer Yamamoto wins face-off versus Brett Howden in Santa Cruz Tiger Sharks zone.
7:49 of 3rd period - Ethen Frank is hit by Henri Jokiharju.
9:19 of 3rd period - Penalty to Kristians Rubins is over, Kristians Rubins is back on ice.
9:40 of 3rd period - Cross Hanas and Kevin Rooney fight to a draw.
9:40 of 3rd period - Penalty to Cross Hanas for Fighting.
9:40 of 3rd period - Penalty to Kevin Rooney for Fighting.
9:41 of 3rd period - Jack Roslovic wins face-off versus Brett Howden in neutral zone.
9:50 of 3rd period - Tobias Bjornfot is hit by Lias Andersson and loses puck.
9:55 of 3rd period - Slapshot by Oliver Wahlstrom.
9:55 of 3rd period - Stopped by Joey Daccord with a rebound.
9:57 of 3rd period - Slapshot by Kaedan Korczak.
9:57 of 3rd period - Shot Misses the Net.
9:58 of 3rd period - Minor Penalty to Oliver Wahlstrom for Hooking.
9:59 of 3rd period - Jack Roslovic wins face-off versus Lias Andersson in Laval Squanderers zone.
10:26 of 3rd period - Danila Klimovich is hit by Hunter Drew and loses puck.
10:33 of 3rd period - Slapshot by Michael Mcleod.
10:33 of 3rd period - Stopped by Mads Sogaard with a rebound.
11:58 of 3rd period - Penalty to Oliver Wahlstrom is over, Oliver Wahlstrom is back on ice.
12:15 of 3rd period - Wrist shot by Justin Barron.
12:15 of 3rd period - Stopped by Joey Daccord without a rebound.
12:16 of 3rd period - David Gustafsson wins face-off versus Graeme Clarke in Santa Cruz Tiger Sharks zone.
12:21 of 3rd period - Graeme Clarke is hit by David Gustafsson and loses puck.
12:27 of 3rd period - Off-side.
12:28 of 3rd period - Ethen Frank wins face-off versus David Gustafsson in neutral zone.
12:31 of 3rd period - Vincent Iorio is hit by Brayden Tracey and loses puck.
12:54 of 3rd period - Lias Andersson is hit by Sean Day and loses puck.
13:17 of 3rd period - Snap shot by Shakir Mukhamadullin.
13:17 of 3rd period - Shot Blocked by Kailer Yamamoto.
13:19 of 3rd period - Slapshot by Kaedan Korczak.
13:19 of 3rd period - Shot Misses the Net.
13:21 of 3rd period - Slapshot by Kaedan Korczak.
13:21 of 3rd period - Stopped by Joey Daccord without a rebound.
13:22 of 3rd period - Graeme Clarke wins face-off versus Michael Mcleod in Santa Cruz Tiger Sharks zone.
13:25 of 3rd period - Slapshot by Graeme Clarke.
13:25 of 3rd period - Shot Misses the Net.
13:40 of 3rd period - Icing by Zachary Sanford.
13:41 of 3rd period - Michael Mcleod wins face-off versus Ethen Frank in Santa Cruz Tiger Sharks zone.
14:00 of 3rd period - Snap shot by Michael Mcleod.
14:00 of 3rd period - Stopped by Mads Sogaard with a rebound.
14:02 of 3rd period - Slapshot by Henri Jokiharju.
14:02 of 3rd period - Deflect By Ethen Frank.
14:02 of 3rd period - Stopped by Mads Sogaard with a rebound.
14:05 of 3rd period - Nils Lundkvist and Tobias Bjornfot fight to a draw.
14:05 of 3rd period - Penalty to Nils Lundkvist for Fighting.
14:05 of 3rd period - Penalty to Tobias Bjornfot for Fighting.
14:06 of 3rd period - Jack Roslovic wins face-off versus Brett Howden in Laval Squanderers zone.
14:53 of 3rd period - Lias Andersson is hit by Brandon Biro and loses puck.
15:11 of 3rd period - Off-side.
15:12 of 3rd period - Kevin Rooney wins face-off versus Graeme Clarke in neutral zone.
15:17 of 3rd period - Snap shot by Kevin Rooney.
15:17 of 3rd period - Shot Blocked by Graeme Clarke.
16:02 of 3rd period - Jesper Boqvist is hit by Ethen Frank and loses puck.
16:48 of 3rd period - Zachary Sanford is hit by Danila Klimovich and loses puck.
17:25 of 3rd period - Slapshot by Vincent Iorio.
17:25 of 3rd period - Stopped by Mads Sogaard with a rebound.
17:35 of 3rd period - Snap shot by Mike Hardman.
17:35 of 3rd period - Stopped by Joey Daccord with a rebound.
17:53 of 3rd period - Kristians Rubins is hit by Justin Barron and loses puck.
18:09 of 3rd period - Braden Schneider is hit by Kailer Yamamoto.
18:23 of 3rd period - Snap shot by Justin Barron.
18:23 of 3rd period - Stopped by Joey Daccord with a rebound.
18:33 of 3rd period - Slapshot by Vincent Iorio.
18:33 of 3rd period - Stopped by Mads Sogaard with a rebound.
Goals for this period are 1 for Santa Cruz Tiger Sharks vs 0 for Laval Squanderers.
Shots for this period are 9 for Santa Cruz Tiger Sharks vs 8 for Laval Squanderers.
Back to the Top